 Dungeon Crawl Stone Soup version 0.30-a0-459-g9104f0fc43 (webtiles) character file.

Game seed: 13052552788771329546

8045 JoshKwa the Cleaver (level 10, -9/86 HPs)
             Began as a Demigod Fighter on Dec 16, 2022.
             Mangled by a freezing wraith (17 damage)
             ... on level 9 of the Dungeon.
             The game lasted 00:49:06 (9405 turns).

JoshKwa the Cleaver (Demigod Fighter)               Turns: 9405, Time: 00:49:07

Health: -9/86      AC: 23    Str: 15 (17) XL:     10   Next: 75%
Magic:  0/22       EV:  5    Int: 17 (18) God:
Gold:   505        SH: 10    Dex: 16 (17) Spells: 6/9 levels left

rFire   + . .      SeeInvis +    l - +5 war axe (vamp)
rCold   . . .      Faith    .    c - +0 buckler
rNeg    . . .      Spirit   +    D - +1 plate armour {rF+}
rPois   .          Reflect  .    y - +0 helmet
rElec   .          Harm     .    (no cloak)
rCorr   .          Rampage  .    b - +1 pair of gloves {Stlth+}
Will    +....                    p - +2 pair of boots
Stlth   ..........               r - amulet of guardian spirit
HPRegen 0.34/turn                h - ring of magical power
MPRegen 0.18/turn                x - ring of see invisible

@: slowed, very slow
A: high MP 1, forlorn, divine attributes, hooves 1, iridescent scales 1, large
bone plates 1
a: no special abilities


You were on level 9 of the Dungeon.
You visited 1 branch of the dungeon, and saw 9 of its levels.
You also visited: Ossuary.

You collected 619 gold pieces.
You spent 114 gold pieces at shops.

Inventory:

Hand Weapons
 l - a +5 vampiric war axe (weapon)
 q - a +3 battleaxe of freezing
 F - a +3 dagger of holy wrath
 J - a +4 vorpal dire flail
Armour
 b - a +1 pair of gloves of stealth (worn)
 c - a +0 buckler (worn)
 p - a +2 pair of boots (worn)
 y - a +0 helmet (worn)
 D - a +1 plate armour of fire resistance (worn)
 H - +1 steam dragon scales
Jewellery
 d - a ring of protection from cold
 h - a ring of magical power (left hand)
 r - an amulet of guardian spirit (around neck)
 x - a ring of see invisible (right hand)
 z - a ring of poison resistance
Wands
 f - a wand of polymorph (6)
 g - a wand of mindburst (6)
 n - a wand of charming (6)
 o - a wand of roots (14)
Scrolls
 a - a scroll of identify
 i - a scroll of poison
 k - a scroll of immolation
 A - 3 scrolls of fear
 C - a scroll of blinking
 I - a scroll of summoning
Potions
 j - a potion of experience {unknown}
 s - a potion of lignification
 t - a potion of brilliance
 v - a potion of cancellation {unknown}
 w - 3 potions of magic
 B - a potion of attraction {unknown}
 G - a potion of mutation


   Skills:
 + Level 7.1 Fighting
 + Level 1.0 Short Blades
 + Level 10.8 Axes
 + Level 7.7 Armour
 + Level 1.7 Dodging
 + Level 1.2 Stealth
 + Level 6.2 Shields


You had 6 spell levels left.
You knew the following spells:

 Your Spells              Type           Power      Damage    Failure   Level
a - Blink                 Tloc           0%         N/A       100%        2
b - Slow                  Hex            0%         N/A       100%        1

Your spell library contained the following spells:

 Spells                   Type           Power      Damage    Failure   Level
 Summon Small Mammal      Summ           0%         N/A       100%        1
 Momentum Strike          Conj/Tloc      0%         3d8       100%        2
 Static Discharge         Conj/Air       0%         2-2/arc   100%        2
 Call Canine Familiar     Summ           0%         N/A       100%        3
 Confusing Touch          Hex            0%         N/A       100%        3
 Kindle Blastsparks       Fire/Tloc/Air  0%         2d10      100%        3
 Lesser Beckoning         Tloc           0%         N/A       100%        3
 Summon Guardian Golem    Hex/Summ       0%         N/A       100%        3
 Vampiric Draining        Necr           0%         2d6       100%        3
 Vhi's Electric Charge    Tloc/Air       0%         N/A       100%        3
 Fulminant Prism          Conj/Hex       0%         3d5       100%        4
 Iskenderun's Mystic Bla  Conj/Tloc      0%         2d3       100%        4
 Arcjolt                  Conj/Air       0%         1d10      100%        5
 Fireball                 Conj/Fire      0%         3d3       100%        5
 Iskenderun's Battlesphe  Conj           0%         2d6       100%        5
 Lee's Rapid Deconstruct  Erth           0%         3d4*      100%        5
 Lightning Bolt           Conj/Air       0%         1d11      100%        5
 Conjure Ball Lightning   Conj/Air       0%         3x3d6     100%        6
 Malign Gateway           Summ/Tloc      0%         N/A       100%        7
 Orb of Destruction       Conj           0%         9d5       100%        7
 Summon Horrible Things   Summ           0%         N/A       100%        8


Dungeon Overview and Level Annotations

Branches:
Dungeon (9/15)             Temple (0/1) D:7            Lair (0/5) D:9
Ossuary (visited)
    Orc: D:9-12

Shops:
D:7 *   D:8 (

Annotations:
D:9 cforsyth's ghost, novice TrFi


Innate Abilities, Weirdness & Mutations

You have an increased reservoir of magic. (+10% MP)
You shall have no god before yourself.
Your divine heritage dramatically boosts your attributes as you level up.
You have large cloven feet.
You are partially covered in iridescent scales. (AC +2)
You are partially covered in large bone plates. (SH +4)


Message History

You block the freezing wraith's attack. x2
You barely miss the freezing wraith.
The freezing wraith hits you but does no damage.
The freezing wraith barely misses you.
You slash the freezing wraith!
The freezing wraith is lightly damaged.
The freezing wraith hits you. The freezing wraith freezes you!!
You block the freezing wraith's attack. The freezing wraith hits you.
The freezing wraith freezes you!! You block the freezing wraith's attack.
You hit the freezing wraith but do no damage.
The freezing wraith is lightly damaged.
The freezing wraith hits you but does no damage.
You block the freezing wraith's attack.
You closely miss the freezing wraith.
The freezing wraith is lightly damaged.
You feel yourself speed up.
The freezing wraith hits you but does no damage. x4
You slash the freezing wraith!
The freezing wraith is moderately damaged.
The freezing wraith hits you but does no damage.
You block the freezing wraith's attack.
You completely miss the freezing wraith.
The freezing wraith is moderately damaged.
You block the freezing wraith's attack.
The freezing wraith hits you but does no damage.
You hit the freezing wraith but do no damage.
The freezing wraith is moderately damaged.
You block the freezing wraith's attack. The freezing wraith hits you.
The freezing wraith drains your vigour!
You feel yourself slow down.
You slash the freezing wraith!
The freezing wraith is heavily damaged.
The freezing wraith hits you! The freezing wraith freezes you!
* * * LOW HITPOINT WARNING * * *
The freezing wraith barely misses you.
You barely miss the freezing wraith.
The freezing wraith is heavily damaged.
The freezing wraith hits you!
* * * LOW HITPOINT WARNING * * *
The freezing wraith freezes you!!
You die...

#......#####
########...........
#..................
#..#####...........
#..# #...........
#..# #...########
#..# #...#.......
#..# #...#..#.#..
#.@# #...#.$.#...
##W# #...#.?.....
#.#####...#.).#...
#.........#..#.#.H
#.........#.......
######....########
#.>..........
#............
####........####


You could see a freezing wraith.

Vanquished Creatures
  A two-headed ogre (D:7)
  Maggie (D:6)
  Grinder (D:4)
  Sigmund (D:6)
  A vampire (D:7)
  A wyvern (D:8)
  6 yaks (D:9)
  3 steam dragons
  Edmund (D:6)
  2 vampire mosquitoes (D:9)
  A swamp worm (D:9)
  2 water moccasins
  4 orc warriors
  2 ice beasts
  2 sky beasts
  A black bear (D:5)
  2 hornet zombies (Ossuary)
  A centaur (D:8)
  3 phantoms
  3 kobold brigands
  2 bullfrogs
  Blork the orc (D:6)
  2 wyvern zombies (Ossuary)
  A gnoll sergeant (D:9)
  5 scorpions
  4 water moccasin zombies (Ossuary)
  4 wights (D:8)
  10 killer bees
  A howler monkey (D:9)
  2 centaur zombies (Ossuary)
  10 bullfrog zombies (Ossuary)
  7 hounds
  A gnoll bouda (D:5)
  6 orc priests
  2 jellies
  An iguana (D:6)
  A scorpion zombie (D:3)
  10 orc wizards
  A killer bee zombie (Ossuary)
  7 mummies (Ossuary)
  7 gnolls
  6 adders
  2 shadow imps
  An ufetubus (D:5)
  3 adder skeletons (D:3)
  2 worms
  4 dart slugs
  25 orcs
  8 ball pythons
  3 bats
  An endoplasm (D:1)
  4 giant cockroaches
  8 hobgoblins
  8 jackals
  18 kobolds
  3 quokkas
  2 ball python skeletons (D:3)
  4 frilled lizards
  8 goblins
  A quokka zombie (D:3)
  2 rats
  A rat zombie (D:6)
  A spectral goblin (D:9)
239 creatures vanquished.

Vanquished Creatures (others)
  3 plants (D:9)
  15 withered plants
18 creatures vanquished.

Grand Total: 257 creatures vanquished

Notes
Turn   | Place    | Note
-------+----------+-------------------------------------------
     0 | D:1      | JoshKwa the Demigod Fighter began the quest for the Orb.
     0 | D:1      | Reached XP level 1. HP: 18/18 MP: 3/3
   174 | D:1      | Reached XP level 2. HP: 26/26 MP: 4/4
   787 | D:1      | Reached skill level 2 in Axes
   914 | D:1      | Reached XP level 3. HP: 29/31 MP: 5/5
  1830 | D:3      | You fall into a shaft and drop 1 floor!
  1843 | D:4      | Learned a level 2 spell: Blink
  2046 | D:4      | Noticed Grinder
  2049 | D:4      | Paralysed by Grinder for 4 turns
  2058 | D:4      | Paralysed by Grinder for 3 turns
  2064 | D:4      | Paralysed by Grinder for 4 turns
  2073 | D:4      | Paralysed by Grinder for 4 turns
  2081 | D:4      | Paralysed by Grinder for 2 turns
  2084 | D:4      | Killed Grinder
  2085 | D:4      | Reached skill level 1 in Short Blades
  2085 | D:4      | Reached skill level 3 in Axes
  2085 | D:4      | Reached XP level 4. HP: 25/40 MP: 6/6
  2085 | D:4      | Reached XP level 5. HP: 29/46 MP: 7/7
  2392 | D:3      | Reached XP level 6. HP: 42/52 MP: 8/8
  2588 | D:3      | Reached skill level 4 in Axes
  3035 | D:4      | Noticed an angel
  3328 | D:5      | Entered Level 5 of the Dungeon
  3428 | D:5      | Reached XP level 7. HP: 58/58 MP: 9/9
  3566 | D:5      | Reached skill level 5 in Axes
  4216 | D:6      | Noticed Blork the orc
  4223 | D:6      | Killed Blork the orc
  4234 | D:6      | Reached skill level 5 in Armour
  4252 | D:6      | Noticed Sigmund
  4263 | D:6      | Killed Sigmund
  4264 | D:6      | Reached skill level 6 in Axes
  4264 | D:6      | Reached XP level 8. HP: 50/67 MP: 10/10
  4360 | D:6      | Reached skill level 1 in Dodging
  4389 | D:6      | Found a sand-covered staircase.
  4400 | Ossuary  | Entered an ossuary
  4487 | Ossuary  | Reached skill level 7 in Axes
  4526 | Ossuary  | Reached skill level 5 in Fighting
  4682 | Ossuary  | Reached skill level 8 in Axes
  4695 | Ossuary  | Reached XP level 9. HP: 33/74 MP: 11/11
  4954 | D:6      | Noticed Maggie
  4970 | D:6      | Killed Maggie
  4977 | D:6      | Reached skill level 5 in Shields
  4998 | D:6      | Learned a level 1 spell: Slow
  5138 | D:6      | Noticed Edmund
  5156 | D:6      | Killed Edmund
  5309 | D:6      | Reached skill level 9 in Axes
  5487 | D:6      | Reached skill level 1 in Stealth
  5776 | D:7      | Found Qeway's Profane Products.
  5894 | D:7      | Noticed a two-headed ogre
  5907 | D:7      | Killed a two-headed ogre
  5985 | D:7      | Reached XP level 10. HP: 41/84 MP: 2/13
  6365 | D:7      | Found a staircase to the Ecumenical Temple.
  6449 | D:7      | Bought a scroll of torment for 114 gold pieces
  6591 | D:8      | Found Puphoij's Antique Weapon Emporium.
  6902 | D:8      | Found Ruohiog's Jewellery Boutique.
  6936 | D:8      | Reached skill level 10 in Axes
  8590 | D:9      | Found a staircase to the Lair.
  8738 | D:9      | Noticed cforsyth's ghost (novice TrFi)
  8740 | D:9      | Noticed a manticore
  8765 | D:9      | Found a runed translucent gate.
  8765 | D:9      | Found a runed translucent gate.
  8773 | D:9      | Found a runed translucent gate.
  9240 | D:9      | Gained mutation: You are partially covered in large bone
                  | plates. (SH +4) [potion of mutation]
  9240 | D:9      | Gained mutation: You are partially covered in iridescent
                  | scales. (AC +2) [potion of mutation]
  9240 | D:9      | Gained mutation: You have large cloven feet. [potion of
                  | mutation]
  9405 | D:9      | Mangled by a freezing wraith

Illustrated notes

Levels and vault maps discovered:
D:1:      lightli_arrival_lavapool, layout_loops_corners,
          chequers_ecumenical_altar_simple
D:2:      layout_basic, minmay_misc_feat_ornament
D:3:      layout_basic, lemuel_crystal_altar, mainiacjoe_overflow_24_doors,
          general_overflow_altar, serial_undead, serial_undead_e,
          serial_undead_f, serial_undead_d, serial_undead_b
D:4:      layout_gridville, zin_angel, uniq_grinder
D:5:      nicolae_cairo_tiling, layout_basic, old_standard_altar,
          mainiacjoe_overflow_alcove_3, minmay_crystal_room
D:6:      layout_basic, nicolae_gozag_cash_rules_everything_around_me,
          cheibriados_altar_1, enter_ossuary_3, grunt_ministairs_7, uniq_maggie,
          uniq_edmund, uniq_sigmund, uniq_blork_the_orc
D:7:      layout_basic, mainiacjoe_overflow_tiny_flanked,
          minmay_temple_entry_steel_oval, st_stairs_14, nicolae_evil_shop
D:8:      layout_layer_cave, vehumet_crystals, serial_shops, shop,
          kennysheep_small_circle
D:9:      layout_irregular_city, nicolae_hepliaklqana_monster_ancestors,
          lair_entry_dummy, gammafunk_ghost_split, worms_lemuel

Skill      XL: |  1  2  3  4  5  6  7  8  9 10 |
---------------+-------------------------------+-----
Fighting       | 3 4 5 6 7 |  7.1
Axes           | 2 3 4 6 8 9 10 | 10.8
Armour         | 3 4 5 6 7 |  7.7
Shields        | 3 4 5 6 |  6.2
Short Blades   | 1 |  1.0
Dodging        | 1 |  1.7
Stealth        | 1 |  1.2

Action                   |  1- 3 |  4- 6 |  7- 9 | 10-12 || total
-------------------------+-------+-------+-------+-------++-------
Melee: War axe           |   111 |   117 |   473 |   218 ||   919
       Dagger            |    45 |       |       |       ||    45
  Use: Scroll            |     3 |     4 |     7 |    14 ||    28
       Potion            |     2 |       |     9 |    13 ||    24
 Stab: Sleeping          |       |       |     2 |       ||     2
Armor: Scale mail        |    30 |       |       |       ||    30
       Plate armour      |   100 |   103 |   395 |   261 ||   859
       Steam dragon scal |       |       |    20 |       ||    20
Dodge: Dodged            |    55 |    42 |   120 |    87 ||   304
Block: Buckler           |    31 |    43 |   155 |   105 ||   334

Table legend: (Time is in decaauts)
 A = Elapsed time spent in this place.
 B = Non-inter-level travel time spent in this place.
 C = Inter-level travel time spent in this place.
 D = Time resting spent in this place.
 E = Time spent auto-exploring this place.
 F = Levels seen in this place.
 G = Mean time per level.
                   A        B        C        D        E       F      G
               +--------+--------+--------+--------+--------+-----+--------+
         Total |   9580 |   8334 |   1246 |   1943 |      0 |  10 |  958.0 |
       Dungeon |   9013 |   7767 |   1246 |   1819 |      0 |   9 | 1001.4 |
       Ossuary |    566 |    566 |      0 |    124 |      0 |   1 |  566.0 |
               +--------+--------+--------+--------+--------+-----+--------+

Top non-repeatable levels by time:
     D:8: 1614 daAuts
     D:9: 1185 daAuts
     D:1: 999 daAuts
     D:7: 967 daAuts
     D:4: 933 daAuts
     D:5: 918 daAuts
     D:6: 913 daAuts
     D:2: 851 daAuts
     D:3: 630 daAuts
 Ossuary: 566 daAuts
